 Dungeon Crawl Stone Soup version 0.24.0-10-g970556be89 (webtiles) character file.

Game seed: 9043035060746784228, levelgen mode: deterministic

11 LostNumber the Vandal (level 2, -14/19 HPs)
             Began as an Octopode Hunter on Nov 3, 2019.
             Demolished by a goblin
             ... wielding a +0 dagger of electrocution
              (16 damage)
             ... on level 1 of the Dungeon.
             The game lasted 00:01:07 (424 turns).

LostNumber the Vandal (Octopode Hunter)              Turns: 424, Time: 00:01:07

Health: -14/19     AC:  1    Str: 11    XL:     2   Next: 29%
Magic:  2/2        EV: 13    Int: 13    God:
Gold:   43         SH:  0    Dex: 12    Spells: 1/1 levels left

rFire    . . .     SeeInvis .   b - +0 short sword
rCold    . . .     Gourm    .   (no shield)
rNeg     . . .     Faith    .   (helmet restricted)
rPois    .         Spirit   .   (no amulet)
rElec    .         Reflect  .   (no ring)
rCorr    .         Harm     .   (no ring)
MR       .....                  (no ring)
Stlth    +++.......             (no ring)
HPRegen  0.06/turn              (no ring)
MPRegen  0.08/turn              (no ring)
                                (no ring)
                                (no ring)

@: no status effects
A: almost no armour, stealthy swim, amphibious, 8 rings, constrict 8, camouflage
1, gelatinous body 1
a: no special abilities


You were on level 1 of the Dungeon.
You were not hungry.

You visited 1 branch of the dungeon, and saw 2 of its levels.

You collected 43 gold pieces.

Inventory:

Hand Weapons
 a - a +1 hunting sling
 b - a +0 short sword (weapon)
Missiles
 c - 19 sling bullets
Scrolls
 f - a scroll of enchant weapon {unknown}
Potions
 g - 2 potions of cancellation {unknown}
Comestibles
 d - 5 chunks of flesh
 e - a ration {!d}


   Skills:
 + Level 2.2 Fighting
 * Level 4.2 Slings
 - Level 2.0 Dodging
 + Level 2.0 Stealth


You had one spell level left.
You didn't know any spells.
Your spell library was empty.

Dungeon Overview and Level Annotations

Branches:
Dungeon (2/15)

Altars:


Innate Abilities, Weirdness & Mutations

You cannot wear most types of armour.
You are very stealthy in the water. (Stealth+)
You are amphibious.
You can wear up to eight rings at the same time.
You can use your tentacles to constrict eight enemies at once.
Your skin changes colour to match your surroundings (Stealth+).
Your rubbery body absorbs attacks. (AC +1, EV +1)


Message History

The goblin hits you with a +0 dagger of electrocution.
The goblin hits you with a cursed +0 dagger.
You hit the goblin.
You kill the goblin!
The goblin hits you but does no damage.
You are electrocuted!
* * * LOW HITPOINT WARNING * * *
The goblin barely misses you.
The goblin hits you with a cursed +0 dagger.
* * * LOW HITPOINT WARNING * * *
Unknown command.
You see here a stone.
Unknown command.
You see here a stone.
You see here a stone.
Here: a goblin, wielding a +0 dagger of electrocution The floor.
Unknown command.
Unknown command.
The teleport trap disappears.
The goblin disappears!
You hit the goblin. You grab the goblin. You constrict the goblin.
The goblin hits you with a cursed +0 dagger.
* * * LOW HITPOINT WARNING * * *
You hit the goblin.
You kill the goblin!
Your Stealth skill increases to level 2!
Things that are here:
a cursed +0 dagger; a goblin corpse You butcher the goblin corpse.
d - 5 chunks of flesh (gained 3)
Things that are here:
a cursed +0 dagger; a goblin skeleton You start resting.
The goblin is too close now for your liking.
There is a stone staircase leading down here.
You see here a +0 club.
You climb downwards. 2 bats, a rat, a giant cockroach and 3 gnolls come into view.
Found a fuming dark potion and 19 gold pieces.
Found a stone staircase leading down.
There is a stone staircase leading up here.
You climb upwards.
The goblin hits you but does no damage.
There is a stone staircase leading down here.
You see here a +0 club.
Unknown command.
The goblin hits you with a +0 dagger of electrocution.
* * * LOW HITPOINT WARNING * * *
You are electrocuted!
Ouch! That really hurt!
You die...

... #..#.#.#####
#.# #...........
##.# ##.#.#.#####
#..## ##.....#
#..##>##...#..#
#..##......##.#
#..#####...#..#
#......>.....##
#.@g......#### ####
#.######..######...
#.# #.....g...##
#.# ##.########
###.#######.#
#.........#.#
#.#.#####.#.# ###
#.#.#
##.#.#######g. #
#.####....##..)....


You could see a goblin.

Vanquished Creatures
  A bat (D:1)
  A giant cockroach (D:1)
  3 goblins (D:1)
  2 hobgoblins (D:1)
  A frilled lizard (D:1)
  A kobold (D:1)
  A rat (D:1)
10 creatures vanquished.

Notes
Turn   | Place    | Note
-------+----------+-------------------------------------------
     0 | D:1      | LostNumber the Octopode Hunter began the quest for the Orb.
     0 | D:1      | Reached XP level 1. HP: 14/14 MP: 1/1
   237 | D:1      | Reached XP level 2. HP: 19/19 MP: 2/2
   424 | D:1      | Demolished by a goblin

Levels and vault maps discovered:
D:1:      minmay_arrival_three_doors, layout_loops_ring
D:2:      layout_rooms, serial_bayou_pond_d

Skill      XL: |  1  2 |
---------------+-------+-----
Stealth        | 2 |  2.0
Fighting       | |  2.2
Slings         | |  4.2
Dodging        | |  2.0

Action                   || total
-------------------------++-------
Melee: Short sword       ||    17
       Constrict         ||     6
       Tentacles         ||     3
 Fire: Hunting sling     ||     2
 Stab: Sleeping          ||     1
Dodge: Dodged            ||    11
